 Dungeon Crawl Stone Soup version 0.32-a0-20-ge526923d97 (webtiles) character file.

Game seed: 9098801133948506676

30 jasper the Shield-Bearer (level 2, 2/25 HPs)
             Began as a Demigod Fighter on Jan 17, 2024.
             Quit the game on level 2 of the Dungeon.
             The game lasted 00:01:14 (943 turns).

jasper the Shield-Bearer (Demigod Fighter)           Turns: 943, Time: 00:01:14

Health: 2/25       AC:  6    Str: 17    XL:     2   Next: 84%
Magic:  4/4        EV:  9    Int: 10    God:
Gold:   73         SH:  5    Dex: 13    Spells: 1/1 levels left

rFire   . . .        a - +0 long sword
rCold   . . .        c - +0 buckler
rNeg    . . .        b - +0 scale mail
rPois   .            (no helmet)
rElec   .            (no cloak)
rCorr   .            (no gloves)
SInv    .            (no boots)
Will    .....        (no amulet) Stlth
                     (no ring)
HPRegen 0.24/turn    (no ring)
MPRegen 0.09/turn

%: no passive effects
@: attractive
A: high MP 1, forlorn, divine attributes
a: no special abilities


You were on level 2 of the Dungeon.
You visited 1 branch of the dungeon, and saw 2 of its levels.

You collected 73 gold pieces.

Inventory:

Hand Weapons
 a - a +0 long sword (weapon)
Missiles
 e - 16 stones (quivered)
Armour
 b - a +0 scale mail (worn)
 c - a +0 buckler (worn)
Potions
 d - a potion of attraction


   Skills:
 - Level 2.6 Fighting
 - Level 1.7 Long Blades
 - Level 2.6 Armour
 + Level 3.8 Shields


You had one spell level left.
You didn't know any spells.
Your spell library contained the following spells:

 Spells                   Type           Power      Damage    Failure   Level
 Jinxbite                 Hex            0%         N/A       94%         2
 Yara's Violent Unravell  Hex/Alch       0%         3d3       100%        5
 Enfeeble                 Hex            0%         N/A       100%        7


Dungeon Overview and Level Annotations

Branches:
Dungeon (2/15)

Shops:
D:1 (

Annotations:
D:2 Natasha, Robin


Innate Abilities, Weirdness & Mutations

You have an increased reservoir of magic. (+10% MP)
You shall have no god before yourself.
Your divine heritage dramatically boosts your attributes as you level up.


Message History

You take 1 damage, and have 14/25 hp.
Blink to where?
Press: ? - help, Dir - move target, f - frilled lizard
Aim: a frilled lizard
Okay, then.
As you read the scroll labelled SUFFIO YPNIDOS, it crumbles to dust.
It was a scroll of blinking.
The jackal bites you but does no damage.
You block the goblin's attack. The endoplasm freezes you.
You are frozen.
You take 3 damage, and have 11/25 hp.
You hit the endoplasm.
The endoplasm is almost dead.
The jackal bites you but does no damage.
The goblin hits you with a +0 dagger.
The endoplasm hits you but does no damage.
The jackal barely misses you.
You take 2 damage, and have 9/25 hp.
Okay, then.
You barely miss the endoplasm.
The endoplasm is almost dead.
The jackal completely misses you.
The jackal stops to sniff the ground.
The goblin closely misses you. You block the endoplasm's attack.
The jackal bites you but does no damage.
The endoplasm barely misses you. The goblin closely misses you.
The ribbon worm is attracted toward you.
You barely miss the endoplasm.
The endoplasm is almost dead.
The jackal bites you.
* * * LOW HITPOINT WARNING * * *
You block the goblin's attack. The endoplasm freezes you.
You are frozen.
* * * LOW HITPOINT WARNING * * *
The jackal barely misses you. The kobold is attracted toward you.
You take 7 damage, and have 2/25 hp.
MASSIVE DAMAGE!!
You aren't carrying any scrolls.
Are you sure you want to abandon this character and quit the game? (Confirm with "yes".)

###.# ###...#
######......
#....?...###
#........#..
#####..=.....#.#
#h5h.........#.#
####rSh............
#J@hl###........###
.....bg####
#........# ......g
..........# ......K
..........# .......
#...........
....... ..........
....... ......ยง


You could see Natasha, a cerulean imp (summoned), an adder, an endoplasm, 2
jackals, 2 goblins, a bat, a kobold, a frilled lizard and a rat.

Vanquished Creatures
  A gnoll (D:1)
  A dart slug (D:1)
  An endoplasm (D:1)
  2 giant cockroaches (D:1)
  2 goblins (D:1)
  2 jackals (D:1)
  2 quokkas (D:1)
  A ball python (D:1)
  A bat (D:1)
  A frilled lizard (D:1)
  A kobold (D:1)
  2 rats (D:1)
17 creatures vanquished.

Notes
Turn   | Place    | Note
-------+----------+-------------------------------------------
     0 | D:1      | jasper the Demigod Fighter began the quest for the Orb.
     0 | D:1      | Reached XP level 1. HP: 18/18 MP: 3/3
    56 | D:1      | Reached skill level 3 in Shields
    56 | D:1      | Reached XP level 2. HP: 2/25 MP: 4/4
   223 | D:1      | Found Haynn's Antique Weapon Shoppe.
   881 | D:2      | Noticed Robin
   911 | D:2      | Noticed Natasha
   943 | D:2      | Quit the game

Illustrated notes

Levels and vault maps discovered:
D:1:      lightli_arrival_lavapool, layout_basic, serial_shops, shop
D:2:      layout_rooms, ebering_ecumenical_altar_webs, chequers_arboretum,
          uniq_natasha, uniq_robin

Skill      XL: |  1 |
---------------+----+-----
Shields        | 3 |  3.8
Fighting       | |  2.6
Long Blades    | |  1.7
Armour         | |  2.6

Action                     || total
---------------------------++-------
  Melee: Long sword        ||    63
    Use: Potion            ||     2
         Scroll            ||     1
 Armour: Scale mail        ||    69
  Dodge: Dodged            ||    43
  Block: Buckler           ||    30

Table legend: (Time is in decaauts)
 A = Elapsed time spent in this place.
 B = Non-inter-level travel time spent in this place.
 C = Inter-level travel time spent in this place.
 D = Time resting spent in this place.
 E = Time spent auto-exploring this place.
 F = Levels seen in this place.
 G = Mean time per level.
                   A        B        C        D        E       F      G
               +--------+--------+--------+--------+--------+-----+--------+
         Total |    965 |    922 |     43 |      0 |    730 |   2 |  482.5 |
       Dungeon |    965 |    922 |     43 |      0 |    730 |   2 |  482.5 |
               +--------+--------+--------+--------+--------+-----+--------+

Top non-repeatable levels by time:
     D:1: 928 daAuts
     D:2: 37 daAuts
